 Dungeon Crawl Stone Soup version 0.18.1-50-g88ac8fd (webtiles) character file.

163 magog001 the Vandal (level 5, -3/36 HPs)
             Began as a Halfling Hunter on Aug 22, 2018.
             Slain by magog001's ghost (15 damage)
             ... on level 3 of the Dungeon.
             The game lasted 00:17:49 (2547 turns).

magog001 the Vandal (Halfling Hunter)               Turns: 2547, Time: 00:17:49

Health: -3/36      AC:  4    Str: 12    XL:     5   Next: 73%
Magic:  5/5        EV: 16    Int: 10    God:
Gold:   95         SH:  0    Dex: 16    Spells: 0 memorised, 4 levels left

rFire  . . .     SeeInvis .     a - +1 hunting sling
rCold  . . .     Gourm    .     c - +0 leather armour
rNeg   . . .     Faith    .     (shield restricted)
rPois  .         Spirit   .     u - +0 helmet
rElec  .         Dismiss  .     (no cloak)
rCorr  .         Reflect  .     (no gloves)
SustAt .         Harm     .     (no boots)
MR     .....                    (no amulet)
Stlth  ++........               (no ring)
                                (no ring)

@: not resistant to hostile enchantments, unstealthy
A: blink, mutation resistance 1
a: Blink


You were on level 3 of the Dungeon.
You were not hungry.

You visited 1 branch of the dungeon, and saw 3 of its levels.

You collected 95 gold pieces.

Inventory:

Hand Weapons
 a - a +1 hunting sling (weapon)
 b - a +0 short sword
Missiles
 e - 70 stones (quivered)
 l - 10 poisoned needles
 r - a throwing net
 t - 5 tomahawks
Armour
 c - a +0 leather armour (worn)
 u - a +0 helmet (worn)
Scrolls
 g - a scroll of teleportation {unknown}
 m - 2 scrolls of remove curse
Potions
 h - a potion of brilliance
Comestibles
 j - a meat ration
 n - a slice of pizza


   Skills:
 * Level 3.0 Fighting
 * Level 2.2 Short Blades
 - Level 5.8 Slings
 * Level 2.5 Armour
 + Level 3.7 Dodging
 - Level 1.1 Stealth


You had 4 spell levels left.
You didn't know any spells.

Dungeon Overview and Level Annotations

Branches:
Dungeon (3/15)

Altars:

Annotations:
D:3 magog001's ghost, amateur HOFi


Innate Abilities, Weirdness & Mutations

You are small and have problems with some larger weapons.
You are somewhat resistant to further mutation.
You can translocate small distances at will.


Message History

You shoot a sling bullet.
The sling bullet barely misses magog001's ghost.
The sling bullet hits the hobgoblin.
The hobgoblin is heavily wounded.
The giant cockroach closely misses you.
Magog001's ghost grins evilly.
Magog001's ghost misses you.
Firing (i - inventory. (,) - cycle):
d - a sling bullet (quivered)
Press: ? - help, Shift-Dir - straight line, f/p - magog001's ghost
Aim: magog001's ghost (almost destroyed)
You shoot a sling bullet. The sling bullet hits magog001's ghost.
Magog001's ghost is almost destroyed.
The giant cockroach barely misses you. Magog001's ghost hits you!
* * * LOW HITPOINT WARNING * * *
Drink which item? (? for menu, Esc to quit)
You feel better.
The giant cockroach completely misses you.
Magog001's ghost stares at you. Magog001's ghost hits you!
You die...

... ...# #.<. ?..###
#.#.♣#.....
#.#..≈≈≈≈..###.
..≈♣≈≈P...... ###
#≈P≈...# ....... #.. #.g#
.##.#.#.>. #... #sW#....
#.#.. #.... #.@#..##
#.#.#
#....###.#..##.#.#.#
#..........<##.#...# ###.
#..................##....
#........##.##.#......#
#........##.####.#.#..#
#.##.#.#.##...........#..
# #.#......####.#.#.....
.##.###.##.##....<.>##.#


You could see magog001's ghost, a giant cockroach and a hobgoblin.

Vanquished Creatures
  A jelly (D:1)
  5 adders (D:2)
  4 oozes (D:1)
  A dart slug (D:2)
  A giant gecko (D:2)
  A ball python (D:1)
  6 giant cockroaches
  7 goblins
  4 hobgoblins
  9 jackals
  7 kobolds
  3 quokkas (D:2)
  5 bats
  3 giant newts
  10 rats
  A plant (D:1)
68 creatures vanquished.

Notes
Turn   | Place    | Note
--------------------------------------------------------------
     0 | D:1      | magog001 the Halfling Hunter began the quest for the Orb.
     0 | D:1      | Reached XP level 1. HP: 14/14 MP: 1/1
     1 | D:1      | Found a runed door.
     2 | D:1      | Noticed a jelly
    41 | D:1      | Reached XP level 2. HP: 7/19 MP: 2/2
   289 | D:1      | Reached skill level 1 in Short Blades
   663 | D:1      | Reached XP level 3. HP: 25/25 MP: 3/3
   978 | D:1      | Reached skill level 1 in Armour
   978 | D:1      | Reached XP level 4. HP: 30/30 MP: 4/4
  1621 | D:2      | Reached XP level 5. HP: 27/35 MP: 5/5
  2130 | D:2      | Gained mutation: You can translocate small distances at will. [potion of mutation]
  2529 | D:3      | Noticed magog001's ghost (amateur HOFi)
  2547 | D:3      | Slain by magog001's ghost

Skill      XL: |  1  2  3  4  5 |
---------------+----------------+-----
Fighting       | 2 3 |  3.0
Short Blades   | 1 2 |  2.2
Armour         | 1 2 |  2.5
Dodging        | 3 |  3.7
Slings         | |  5.8
Stealth        | |  1.1

Action                   |  1- 3 |  4- 6 || total
-------------------------+-------+-------++-------
Melee: Short sword       |       |    67 ||    67
 Fire: Hunting sling     |    60 |   138 ||   198
Throw: Throwing net      |     1 |     3 ||     4
  Use: Potion            |       |     8 ||     8
       Scroll            |       |     4 ||     4
  Eat: Bread ration      |       |     1 ||     1
       Chunk             |       |     1 ||     1
Armor: Leather armour    |     7 |    12 ||    19
Dodge: Dodged            |    16 |    60 ||    76
